[Event "Titled Tuesday Blitz April 4 Early 2023"]
[White "Dushyant Sharma"]
[Black "Oleksiyenko, Mykhaylo"]
[WhiteFideId "25065130"]
[BlackFideId "4152417"]
[WhiteElo "2198"]
[BlackElo "2551"]
[Result "0-1"]
[Round "11"]
[TimeControl "180+2"]
[Date "2023.04.04"]
[WhiteClock "0:00:04"]
[BlackClock "0:00:05"]

1. e4 c5 2. Nf3 Nc6 3. d4 cxd4 4. Nxd4 e5 5. Nxc6 bxc6 6. Nc3 Nf6 7. Bd3 Bc5 8. O-O O-O 9. Kh1 d5 10. f4 Ng4 11. Qe1 exf4 12. Bxf4 d4 13. Ne2 Bd6 14. Qg3 Bxf4 15. Rxf4 Ne5 16. Raf1 f6 17. b3 c5 18. h3 Be6 19. R4f2 a5 20. a4 Rb8 21. Nf4 Bf7 22. Ne2 Kh8 23. Bb5 Qd6 24. Rd1 Rbd8 25. Nf4 h6 26. Rfd2 Kh7 27. Ne2 Ng6 28. Qxd6 Rxd6 29. Nc1 Rc8 30. c3 Rcd8 31. cxd4 cxd4 32. Ne2 Bxb3 33. Rb1 Bf7 34. Rbd1 Bb3 35. Rb1 Be6 36. Rbd1 d3 37. Rxd3 Rxd3 38. Rxd3 Rxd3 39. Bxd3 Ne5 40. Bb5 Kg8 41. Nd4 Ba2 42. Kg1 Kf8 43. Kf2 Ke7 44. Ke3 g6 45. g4 Kd6 46. Be8 Kc5 47. Bb5 Kb4 48. Nc6+ Nxc6 49. Bxc6 Bb3 50. Kd4 Bxa4 51. Bd5 Bb3 52. Bc6 a4 53. Bxa4 Bxa4 54. e5 fxe5+ 55. Kxe5 h5 56. g5 Bc2 0-1


[Site "https://www.chess.com"]

[Event "Titled Tuesday Blitz April 4 Early 2023"]
[White "Namitbir Singh Walia"]
[Black "Danielyan, Vahe"]
[WhiteFideId "35071068"]
[BlackFideId "13304828"]
[WhiteElo "2239"]
[BlackElo "2423"]
[Result "0-1"]
[Round "11"]
[TimeControl "180+2"]
[Date "2023.04.04"]
[WhiteClock "0:00:17"]
[BlackClock "0:00:37"]

1. e4 c5 2. Nf3 d6 3. d4 cxd4 4. Nxd4 Nf6 5. f3 a6 6. c4 g6 7. Nc3 Bg7 8. Be3 O-O 9. Qd2 Nc6 10. g4 Bxg4 11. fxg4 Nxg4 12. Nxc6 bxc6 13. Bd4 Bxd4 14. Qxd4 e5 15. Qd3 Qb6 16. Qe2 f5 17. Bh3 Ne3 18. exf5 gxf5 19. Nd1 Qb4+ 20. Kf2 Nxc4 21. Rc1 Qc5+ 22. Ne3 d5 23. Rxc4 dxc4 24. Qxc4+ Qxc4 25. Nxc4 e4 26. Rd1 f4 27. Rd7 Rad8 28. Be6+ Kh8 29. Rc7 Rde8 30. Bg4 e3+ 31. Ke2 f3+ 32. Bxf3 Rxf3 0-1


[Site "https://www.chess.com"]

[Event "Titled Tuesday Blitz April 4 Early 2023"]
[White "Nguyen Hong Nhung"]
[Black "Gold_Ocean"]
[WhiteFideId "12412201"]
[WhiteElo "1968"]
[BlackElo "2641"]
[Result "1-0"]
[Round "11"]
[TimeControl "180+2"]
[Date "2023.04.04"]
[WhiteClock "0:00:21"]
[BlackClock "0:00:09"]

1. e4 c5 2. Nc3 Nc6 3. Bb5 Nd4 4. Bc4 e6 5. Nge2 Nxe2 6. Qxe2 d6 7. O-O Nf6 8. d3 Be7 9. f4 O-O 10. e5 Nd7 11. exd6 Bxd6 12. Be3 a6 13. a4 Rb8 14. Qh5 Nf6 15. Qh4 Bd7 16. Rae1 b5 17. axb5 axb5 18. Ba2 Qa5 19. f5 b4 20. Bg5 Be7 21. fxe6 bxc3 22. exf7+ Rxf7 23. Qc4 Be8 24. Rxe7 Kh8 25. Rxf7 Bxf7 26. Qxf7 Ng8 27. bxc3 Qxc3 28. Bb3 h6 29. Be3 Qe5 30. Bf4 Qd4+ 31. Kh1 Rd8 32. Bg3 Nf6 33. Bf4 Ng4 34. h3 Nf2+ 35. Kh2 h5 36. Bg5 Qd6+ 37. Qf4 Qxf4+ 38. Bxf4 Rg8 39. Rxf2 Rf8 40. Be3 Rb8 41. Bxc5 Rc8 42. Bd4 Kh7 43. Rf7 Rc6 44. Rxg7+ Kh6 45. Rg3 h4 46. Be3+ Kh7 47. Bg8+ Kh8 48. Bd4+ Rf6 49. Bxf6# 1-0


[Site "https://www.chess.com"]

[Event "Titled Tuesday Blitz April 4 Early 2023"]
[White "Becerra, Juan David"]
[Black "Belov, Alexei"]
[WhiteFideId "4404998"]
[BlackFideId "4128206"]
[WhiteElo "2276"]
[BlackElo "2634"]
[Result "1/2-1/2"]
[Round "11"]
[TimeControl "180+2"]
[Date "2023.04.04"]
[WhiteClock "0:00:05"]
[BlackClock "0:00:13"]

1. e4 e6 2. d4 d5 3. exd5 exd5 4. Bd3 Nf6 5. c3 c5 6. Ne2 Nc6 7. O-O Be7 8. dxc5 Bxc5 9. Nd2 O-O 10. Nb3 Bb6 11. Bf4 Re8 12. Ned4 Bg4 13. Qc2 Bh5 14. Rae1 Bg6 15. Bg5 Ne5 16. Bxg6 hxg6 17. Re2 Nc4 18. Rfe1 Qd7 19. h3 Ne4 20. Bc1 a5 21. f3 Ng3 22. Rxe8+ Rxe8 23. Rxe8+ Qxe8 24. Qf2 Ne2+ 25. Kh1 Nxc1 26. Nxc1 a4 27. b3 Nd6 28. Qe2 Qd7 29. Qd3 Qe7 30. Nce2 Nf5 31. b4 Bxd4 32. Nxd4 Qe1+ 33. Kh2 Ng3 34. Nc2 Qf2 35. Qd4 Nf1+ 36. Kh1 Qxc2 37. Qxd5 g5 38. Qd8+ Kh7 39. Qxg5 g6 40. Qh4+ Kg7 41. Qd4+ Kg8 42. Qd8+ Kg7 43. Qd4+ Kf8 44. Qd8+ Kg7 45. Qd4+ 1/2-1/2


[Site "https://www.chess.com"]

[Event "Titled Tuesday Blitz April 4 Early 2023"]
[White "Seemann, Jakub"]
[Black "Devaev, Alexander"]
[WhiteFideId "21874697"]
[BlackFideId "4169395"]
[WhiteElo "2364"]
[BlackElo "2204"]
[Result "1/2-1/2"]
[Round "11"]
[TimeControl "180+2"]
[Date "2023.04.04"]
[WhiteClock "0:02:38"]
[BlackClock "0:00:08"]

1. c4 c5 2. Nc3 Nf6 3. Nf3 e6 4. g3 Nc6 5. Bg2 Be7 6. O-O O-O 7. d4 cxd4 8. Nxd4 Ne5 9. b3 d6 10. Bb2 a6 11. e4 Qc7 12. h3 Rb8 13. f4 Ng6 14. Kh2 Re8 15. Qd3 Bf8 16. Rad1 b6 17. g4 h6 18. Qg3 Bb7 19. h4 h5 20. g5 Ng4+ 21. Kh1 e5 22. Nf5 exf4 23. Rxf4 Nxf4 24. Qxf4 g6 25. Ng3 Bg7 26. Nd5 Bxd5 27. Bxg7 Kxg7 28. exd5 Re5 29. Rf1 Rbe8 30. Ne4 Qe7 31. Qf6+ Nxf6 32. gxf6+ Qxf6 33. Nxf6 R8e7 34. b4 Rf5 35. Rxf5 gxf5 36. Nxh5+ Kg6 37. Nf4+ Kf6 38. c5 bxc5 39. bxc5 dxc5 40. Nd3 c4 41. Nb4 Re1+ 42. Kh2 c3 43. Kg3 Rb1 44. Nc2 Rb2 45. Nd4 c2 46. Nxc2 Rxc2 47. a4 Ra2 48. h5 Rxa4 49. Bf3 Rd4 50. Kf2 Kg5 51. Ke3 Rb4 52. d6 Rb6 53. d7 Rd6 54. Bc6 a5 55. h6 Kxh6 56. Kf4 Kg6 57. Ke5 Rxd7 58. Bxd7 Kg5 59. Bxf5 a4 60. Bd3 a3 61. Bb1 f5 62. Kd4 f4 63. Kc3 f3 64. Kb3 f2 65. Bd3 Kf4 66. Kxa3 Ke3 67. Ba6 Kd2 68. Bf1 Ke3 69. Ba6 Kd2 70. Bf1 Ke1 71. Ba6 Kd2 1/2-1/2


[Site "https://www.chess.com"]

[Event "Titled Tuesday Blitz April 4 Early 2023"]
[White "Kleiman, Jake"]
[Black "Mazurkiewicz, Michal"]
[WhiteFideId "2020041"]
[BlackFideId "1124943"]
[WhiteElo "2622"]
[BlackElo "2054"]
[Result "1/2-1/2"]
[Round "11"]
[TimeControl "180+2"]
[Date "2023.04.04"]
[WhiteClock "0:00:52"]
[BlackClock "0:00:26"]

1. e4 d6 2. d4 Nf6 3. Nc3 c6 4. f4 Qb6 5. e5 Nd5 6. Nxd5 cxd5 7. c3 Nc6 8. Bd3 g6 9. h3 Bf5 10. Nf3 e6 11. O-O Be4 12. Kh1 h5 13. exd6 Bxd3 14. d7+ Kxd7 15. Qxd3 Bd6 16. Ne5+ Bxe5 17. fxe5 Raf8 18. Bg5 Ne7 19. Bxe7 Kxe7 20. Rf6 h4 21. Raf1 Rh5 22. Qd2 Rf5 23. R1xf5 gxf5 24. Qg5 Ke8 25. Qd2 Rg8 26. Rh6 Qa6 27. a3 Qf1+ 28. Kh2 Rxg2+ 29. Qxg2 Qf4+ 30. Kh1 Qxh6 31. Qg8+ Ke7 32. Qb8 Qc1+ 33. Kg2 Qxb2+ 34. Kh1 Qc1+ 35. Kg2 Qd2+ 36. Kf1 Qd3+ 37. Kf2 Qxc3 38. Qd6+ Ke8 39. Qb8+ Ke7 40. Qd6+ Ke8 41. Qb8+ Kd7 42. Qd6+ Ke8 1/2-1/2


[Site "https://www.chess.com"]

[Event "Titled Tuesday Blitz April 4 Early 2023"]
[White "Nikologorskiy, Konstantin"]
[Black "Skliarov, Viktor"]
[WhiteFideId "24111708"]
[BlackFideId "14106736"]
[WhiteElo "2293"]
[BlackElo "2317"]
[Result "1-0"]
[Round "11"]
[TimeControl "180+2"]
[Date "2023.04.04"]
[WhiteClock "0:00:43"]
[BlackClock "0:00:13"]

1. d4 Nf6 2. c4 e6 3. Nf3 b6 4. g3 Bb7 5. Bg2 Be7 6. O-O O-O 7. Nc3 Ne4 8. Qc2 Nxc3 9. Qxc3 d6 10. b3 Nd7 11. Bb2 a5 12. Rfe1 Bf6 13. Rad1 Qe7 14. e4 e5 15. Qc2 Rfe8 16. h3 g6 17. a3 Bc6 18. Kh2 Bg7 19. Ng1 exd4 20. Bxd4 Bxd4 21. Rxd4 f5 22. exf5 Qxe1 23. Bxc6 Rad8 24. fxg6 Rf8 25. Nf3 Rxf3 26. Bxf3 Rf8 27. Kg2 Ne5 28. Bd5+ Kh8 29. Rh4 Nxg6 30. Re4 Qa1 31. f4 Qf6 32. Re6 Qd4 33. Re4 Qf6 34. h4 Qa1 35. h5 Ne5 36. Qe2 Ng4 37. Qxg4 Qf6 38. Qe2 1-0


[Site "https://www.chess.com"]

[Event "Titled Tuesday Blitz April 4 Early 2023"]
[White "Maxfan2008"]
[Black "Volkov, Maksim"]
[BlackFideId "54123070"]
[WhiteElo "2448"]
[BlackElo "2312"]
[Result "1-0"]
[Round "11"]
[TimeControl "180+2"]
[Date "2023.04.04"]
[WhiteClock "0:01:31"]
[BlackClock "0:01:28"]

1. d4 d5 2. c4 e6 3. Nc3 c6 4. e4 dxe4 5. Nxe4 Bb4+ 6. Bd2 Qxd4 7. Bxb4 Qxe4+ 8. Be2 Na6 9. Bd6 e5 10. Qd2 f6 11. Rd1 Be6 12. f3 Qg6 13. Bd3 Qh6 14. Qc3 Rd8 15. Ba3 Qe3+ 16. Ne2 Nc5 17. Bg6+ 1-0


[Site "https://www.chess.com"]

[Event "Titled Tuesday Blitz April 4 Early 2023"]
[White "Rios Escobar, Adan"]
[Black "Sielecki, Christof"]
[WhiteFideId "3403645"]
[BlackFideId "4620437"]
[WhiteElo "2441"]
[BlackElo "2443"]
[Result "0-1"]
[Round "11"]
[TimeControl "180+2"]
[Date "2023.04.04"]
[WhiteClock "0:00:01"]
[BlackClock "0:00:21"]

1. d4 d5 2. g3 Nf6 3. Nf3 c5 4. Bg2 Nc6 5. O-O e6 6. c4 dxc4 7. dxc5 Qxd1 8. Rxd1 Bxc5 9. Nbd2 c3 10. bxc3 O-O 11. Nb3 Be7 12. Bb2 Bd7 13. c4 Rfc8 14. Bxf6 Bxf6 15. Rxd7 Bxa1 16. Nxa1 Rd8 17. Rd2 Ne5 18. Nb3 Nxc4 19. Rxd8+ Rxd8 20. h4 Rd1+ 21. Kh2 e5 22. Ng5 b6 23. Bc6 h6 24. Ne4 Kf8 25. Nc3 Rd8 26. Bd5 Nd6 27. e4 Rc8 28. Nd1 Rc2 29. a4 Ra2 30. Nc3 Rxf2+ 31. Kg1 Rc2 32. Nb5 Nxb5 33. axb5 Ke7 34. Kf1 Ra2 35. g4 a6 36. bxa6 Rxa6 37. Nd2 b5 38. Ke2 Kd6 39. Kd3 f6 40. Kc3 Ra4 41. Nb3 h5 0-1


[Site "https://www.chess.com"]

[Event "Titled Tuesday Blitz April 4 Early 2023"]
[White "Gabdrakhmanov, Azat"]
[Black "Topalov, Aleksandar"]
[WhiteFideId "34189197"]
[BlackFideId "925659"]
[WhiteElo "2306"]
[BlackElo "2151"]
[Result "1-0"]
[Round "11"]
[TimeControl "180+2"]
[Date "2023.04.04"]
[WhiteClock "0:00:10"]
[BlackClock "0:00:01"]

1. e4 e6 2. d4 d5 3. e5 Ne7 4. Nf3 Qd7 5. Bd3 b6 6. O-O Ba6 7. Bxa6 Nxa6 8. c3 c5 9. a4 Nf5 10. a5 b5 11. Re1 Be7 12. Bf4 O-O 13. Qd3 cxd4 14. Nxd4 Nxd4 15. cxd4 Nb4 16. Qd2 Rac8 17. Nc3 a6 18. Re3 f5 19. exf6 Bxf6 20. Rae1 Rfe8 21. Be5 Bxe5 22. Rxe5 Rc4 23. b3 Rcc8 24. Ne4 Nc2 25. Nc5 Rxc5 26. dxc5 Nxe1 27. Qxe1 d4 28. Qd2 d3 29. Re3 Rd8 30. h3 Qd5 31. c6 Qxc6 32. Rxd3 Rxd3 33. Qxd3 Qc1+ 34. Kh2 Qf4+ 35. Kg1 Qc1+ 36. Qf1 Qc3 37. Qd1 Qxa5 38. g3 Qc7 39. Qe2 Qd6 40. Qf3 Qd5 41. Qc3 Kf7 42. h4 h5 43. b4 e5 44. Qc7+ Kg6 45. Qb6+ Kf5 46. Qxa6 Qd1+ 47. Kg2 Qd5+ 48. Kh2 Qf3 49. Qc8+ Kg6 50. Qe6+ Kh7 51. Kg1 Qd1+ 52. Kg2 Qd4 53. Qf5+ g6 54. Qf7+ Kh6 55. Qf8+ Kh7 56. Qe7+ Kh6 57. Qc5 Qe4+ 58. Kh2 Qe2 59. Kg2 Kh7 60. Qc7+ Kh6 61. Qd8 Kh7 62. Qc7+ Kh6 63. Qb8 Kh7 64. Qb7+ Kh6 65. Qa8 Kh7 66. Qf3 Qe1 67. Qe3 Qxe3 68. fxe3 e4 69. g4 1-0


[Site "https://www.chess.com"]

[Event "Titled Tuesday Blitz April 4 Early 2023"]
[White "Kubatko, Ivan"]
[Black "Guzman Moneo, Alberto"]
[WhiteFideId "24111473"]
[BlackFideId "2209616"]
[WhiteElo "2285"]
[BlackElo "2157"]
[Result "1-0"]
[Round "11"]
[TimeControl "180+2"]
[Date "2023.04.04"]
[WhiteClock "0:00:15"]
[BlackClock "0:00:15"]

1. e4 c5 2. c3 e6 3. d4 d5 4. exd5 exd5 5. Nf3 Nc6 6. Bd3 Bd6 7. O-O Nge7 8. h3 O-O 9. dxc5 Bxc5 10. Nbd2 Bf5 11. Nb3 Bd6 12. Re1 Qd7 13. Nbd4 Nxd4 14. Nxd4 Bxd3 15. Qxd3 Nc6 16. Nf5 Rfe8 17. Be3 Ne5 18. Qxd5 Qxf5 19. Qxd6 Re6 20. Qd5 Rae8 21. Kh1 b6 22. Bd4 h5 23. Qe4 Qxe4 24. Rxe4 Nc4 25. Rxe6 Rxe6 26. b3 Na3 27. Kg1 Re2 28. Kf1 Rc2 29. c4 f6 30. Ke1 Nxc4 31. bxc4 Rxc4 32. Be3 Kf7 33. Rc1 Ra4 34. Rc2 g5 35. Ke2 g4 36. Bd2 gxh3 37. gxh3 Kg6 38. Bc1 Kf5 39. a3 Kg6 40. Rc3 a5 41. Bb2 Rf4 42. Rf3 Re4+ 43. Kd2 f5 44. Rg3+ Kf7 45. Rf3 Ke6 46. Rb3 Rh4 47. Rxb6+ Kd5 48. Rb3 a4 49. Rd3+ Kc4 50. Rc3+ Kb5 51. Ke2 Re4+ 52. Re3 Rh4 53. Kf1 Rc4 54. Kg2 Rc2 55. Bf6 Kc4 56. Be7 Kd5 57. Bb4 f4 58. Re8 Rb2 59. Rh8 Rb3 60. Rxh5+ Ke4 61. Rh8 f3+ 62. Kg3 Kf5 63. Rf8+ Kg6 64. Rxf3 Rb1 65. h4 Kh5 66. Rf5+ Kg6 67. Rg5+ Kh6 68. Ra5 Rg1+ 69. Kf3 Rh1 70. h5 Rh3+ 71. Kg2 Rb3 72. Bf8+ Kh7 73. h6 Rb6 74. Rxa4 Rg6+ 75. Kf1 Rc6 76. Bg7 Kg6 77. Rb4 Rc1+ 78. Kg2 Rc2 79. a4 Ra2 80. Bf8 Kh7 81. Rb7+ Kg8 82. h7+ Kh8 83. Bg7+ Kxh7 84. Bd4+ Kg6 85. Ra7 Kf5 86. Be3 Ke4 87. a5 Kd5 88. a6 Kc6 89. Ra8 Kd7 90. a7 Kc7 91. Rh8 Kb7 92. a8=Q+ Rxa8 93. Rxa8 Kxa8 94. Kf3 Kb7 95. Ke4 Kc8 96. Kf5 Kd7 97. Kf6 Ke8 98. Kg7 Ke7 99. f4 Ke6 100. Kg6 Ke7 101. Bc5+ Ke8 102. f5 Kd7 103. f6 Kc6 104. f7 Kd5 105. f8=Q Ke4 106. Qf5# 1-0


[Site "https://www.chess.com"]

[Event "Titled Tuesday Blitz April 4 Early 2023"]
[White "Tifferet, Shaked"]
[Black "Pakleza, Zbigniew"]
[WhiteFideId "2811529"]
[BlackFideId "1119290"]
[WhiteElo "2142"]
[BlackElo "2410"]
[Result "1/2-1/2"]
[Round "11"]
[TimeControl "180+2"]
[Date "2023.04.04"]
[WhiteClock "0:00:07"]
[BlackClock "0:00:33"]

1. d4 Nf6 2. c4 Ng8 3. e4 Nc6 4. d5 Nb8 5. Nf3 d6 6. Nc3 e5 7. dxe6 Bxe6 8. Nd4 Nc6 9. Nxe6 fxe6 10. g3 Nf6 11. Bh3 e5 12. Nd5 Nxd5 13. cxd5 Nd4 14. Be3 Be7 15. Bxd4 exd4 16. Be6 c5 17. Qa4+ Kf8 18. h4 h5 19. O-O Rh6 20. Qb3 Rb8 21. f4 Qb6 22. Qxb6 axb6 23. b3 b5 24. a4 bxa4 25. Rxa4 g6 26. Rfa1 Kg7 27. Ra8 Rhh8 28. Rxb8 Rxb8 29. Ra7 Kf6 30. Kf1 Bd8 31. Ke2 Bb6 32. Ra2 Ke7 33. Kd3 Bc7 34. Ra7 Bb6 35. Ra2 Bc7 36. Ra7 Bb6 37. Ra4 Bc7 38. Ra7 1/2-1/2


[Site "https://www.chess.com"]

[Event "Titled Tuesday Blitz April 4 Early 2023"]
[White "Kaczur, Florian"]
[Black "Padmini, Rout"]
[WhiteFideId "705098"]
[BlackFideId "5029295"]
[WhiteElo "2485"]
[BlackElo "2314"]
[Result "1-0"]
[Round "11"]
[TimeControl "180+2"]
[Date "2023.04.04"]
[WhiteClock "0:01:15"]
[BlackClock "0:00:02"]

1. d4 Nf6 2. c4 g6 3. Nc3 Bg7 4. e4 d6 5. Bd3 O-O 6. h3 e5 7. d5 a5 8. Nf3 Na6 9. Be3 c6 10. O-O Nh5 11. Qd2 f5 12. Bg5 Qc7 13. exf5 gxf5 14. Bc2 f4 15. dxc6 bxc6 16. Rad1 h6 17. Bh4 Bf5 18. Bxf5 Rxf5 19. Qxd6 Qxd6 20. Rxd6 Nc5 21. Rxc6 e4 22. Nd5 exf3 23. Ne7+ Kh7 24. Nxf5 fxg2 25. Rd1 Ne4 26. Kxg2 Rf8 27. Nxg7 f3+ 28. Kh2 Nxg7 29. Rd7 Kg8 30. Rg6 Rf7 31. Rxf7 Kxf7 32. Rg4 Nd2 33. Rd4 1-0


[Site "https://www.chess.com"]

[Event "Titled Tuesday Blitz April 4 Early 2023"]
[White "Weetik, Vjacheslav"]
[Black "Goffredo_Fofi"]
[WhiteFideId "4153472"]
[WhiteElo "2469"]
[BlackElo "2512"]
[Result "1-0"]
[Round "11"]
[TimeControl "180+2"]
[Date "2023.04.04"]
[WhiteClock "0:00:07"]
[BlackClock "0:00:06"]

1. e4 Nf6 2. e5 Nd5 3. d4 d6 4. Nf3 dxe5 5. Nxe5 c6 6. Be2 Bf5 7. g4 Be6 8. c4 Nb4 9. Be3 Nd7 10. f4 f6 11. Nxd7 Qxd7 12. Nc3 Bf7 13. O-O e6 14. a3 Na6 15. d5 Bc5 16. Bxc5 Nxc5 17. b4 Na6 18. d6 c5 19. b5 Nb8 20. Qd3 a6 21. a4 axb5 22. cxb5 b6 23. Rad1 Ra7 24. f5 e5 25. Bf3 O-O 26. Bd5 Kh8 27. Qc4 Bxd5 28. Rxd5 Qf7 29. Rfd1 Nd7 30. Ne4 Rfa8 31. Nc3 g6 32. Qe4 Rg8 33. R5d3 gxf5 34. Qxf5 Qc4 35. Rg3 Rg5 36. Qe4 Qxe4 37. Nxe4 Rg6 38. Nc3 Ra8 39. h3 h5 40. Kf2 hxg4 41. hxg4 Kg7 42. Kf3 Rh8 43. Nd5 Ra8 44. Ne7 Rg5 45. Nf5+ Kf7 46. Ra1 Ke6 47. Rh3 Rag8 48. Rg1 e4+ 49. Kf4 Ne5 50. Ne3 Kxd6 51. Rh7 R8g7 52. Nf5+ Rxf5+ 53. Kxf5 Rxh7 54. Kxe4 Rg7 55. Kf5 Rxg4 56. Rxg4 Nxg4 57. Kxg4 c4 58. Kf4 c3 59. Ke3 f5 60. Kd3 f4 61. Kxc3 f3 62. Kd3 Kc5 63. Ke3 Kb4 64. a5 Ka4 65. a6 1-0


[Site "https://www.chess.com"]

[Event "Titled Tuesday Blitz April 4 Early 2023"]
[White "Krsnik Cohar, Ivan Vihor"]
[Black "Sokolovsky, Yahli"]
[WhiteFideId "14520044"]
[BlackFideId "2820242"]
[WhiteElo "2414"]
[BlackElo "2316"]
[Result "0-1"]
[Round "11"]
[TimeControl "180+2"]
[Date "2023.04.04"]
[WhiteClock "0:00:04"]
[BlackClock "0:00:06"]

1. e4 d6 2. Nf3 g6 3. Nc3 Bg7 4. d4 a6 5. a4 b6 6. Bc4 Bd7 7. O-O e6 8. Re1 Ne7 9. b4 O-O 10. a5 c5 11. bxc5 bxc5 12. Be3 Nbc6 13. Qd2 Nxa5 14. Bf1 cxd4 15. Bxd4 Qc7 16. Red1 e5 17. Be3 Rfc8 18. Qxd6 Qxd6 19. Rxd6 Be6 20. Na4 Nb7 21. Rb6 Nd8 22. Nc5 a5 23. Ng5 Rc6 24. Ncxe6 Nxe6 25. Nxe6 fxe6 26. Rxc6 Nxc6 27. Bc4 Kf7 28. Bb3 Nd4 29. Bd2 Nc6 30. Kf1 Bf8 31. Ba4 Nd4 32. Rb1 Ra7 33. c3 Bc5 34. cxd4 exd4 35. e5 d3 36. Rb5 Bd4 37. Rxa5 Rc7 38. g3 Rb7 39. Be3 Rb1+ 40. Kg2 Bxe3 41. fxe3 Ra1 42. Ra7+ Kf8 43. Kf3 d2 44. Ke2 d1=Q+ 45. Bxd1 Rxa7 46. Bb3 Ke7 47. Kf3 Ra5 48. Kf4 Ra3 49. Bc4 Ra1 50. h4 Ra4 0-1


[Site "https://www.chess.com"]

[Event "Titled Tuesday Blitz April 4 Early 2023"]
[White "Florescu, Codrut-Constantin"]
[Black "TheKnightOfBosnia"]
[WhiteFideId "1202200"]
[WhiteElo "2191"]
[BlackElo "2508"]
[Result "1-0"]
[Round "11"]
[TimeControl "180+2"]
[Date "2023.04.04"]
[WhiteClock "0:01:09"]
[BlackClock "0:00:36"]

1. e4 e5 2. Nf3 Nc6 3. Bc4 Nf6 4. d3 Bc5 5. h3 d6 6. c3 a5 7. a4 h6 8. Nbd2 Bb6 9. Qe2 Be6 10. Bxe6 fxe6 11. Nf1 O-O 12. Ng3 Ne7 13. d4 exd4 14. cxd4 Ng6 15. O-O Qd7 16. Bd2 Rae8 17. Rfe1 Qf7 18. Rec1 d5 19. e5 Nh7 20. b4 axb4 21. a5 Ba7 22. Bxb4 Nf4 23. Qe3 c6 24. Bxf8 Rxf8 25. Kh2 h5 26. a6 bxa6 27. Rxc6 g5 28. Raxa6 g4 29. hxg4 hxg4 30. Nh4 Qe7 31. Nhf5 Qg5 32. Rxa7 exf5 33. Rcc7 Qh6+ 34. Kg1 Ng5 35. Qxf4 Nh3+ 36. gxh3 Qxf4 37. Rg7+ Kh8 38. Rh7+ Kg8 39. Rag7# 1-0


[Site "https://www.chess.com"]

[Event "Titled Tuesday Blitz April 4 Early 2023"]
[White "Jaskolka, Tomasz"]
[Black "Poliakova, Varvara"]
[WhiteFideId "1170791"]
[BlackFideId "13518313"]
[WhiteElo "2155"]
[BlackElo "2075"]
[Result "0-1"]
[Round "11"]
[TimeControl "180+2"]
[Date "2023.04.04"]
[WhiteClock "0:00:26"]
[BlackClock "0:01:22"]

1. d4 e5 2. dxe5 d6 3. exd6 Bxd6 4. e4 Nc6 5. Nf3 Bg4 6. Be2 Nf6 7. Nc3 Qe7 8. Bg5 O-O-O 9. Qc1 h6 10. Nd5 Qxe4 11. Nxf6 gxf6 12. Bxf6 Rhe8 13. Qe3 Qb4+ 14. Qc3 Qf4 15. a3 Qe4 16. O-O-O Qxe2 17. Bxd8 Rxd8 18. Kb1 Bxf3 19. gxf3 Qxf2 20. Rd2 Qb6 21. Rhd1 Re8 22. Qf6 Bxa3 23. Qf5+ Kb8 24. c3 a5 25. Qxf7 Rc8 26. Qe6 Rf8 27. Qe4 Qb3 28. Qc2 Qxc2+ 29. Kxc2 Bd6 30. Rd3 Ne5 31. Rd5 Rxf3 32. Rxa5 Rf2+ 33. Kc1 Nc4 34. Ra2 Rxh2 35. Rg1 Bf4+ 36. Kb1 Bg5 37. Rf1 Nd2+ 38. Ka1 Nxf1 39. Ra5 Nd2 40. Ka2 Nc4 41. Rc5 Rxb2+ 42. Ka1 b5 43. Rf5 Rb3 44. Ka2 Rxc3 45. Rxb5+ Kc8 46. Rf5 Ra3+ 47. Kb1 Re3 48. Ka2 Nd6 49. Rf8+ Kd7 50. Rh8 c5 51. Kb2 c4 52. Kc2 Rh3 53. Rh7+ Kc6 54. Kb1 Kc5 55. Ka2 Kd4 56. Ka1 Nb5 57. Ka2 Nc3+ 58. Ka1 Rh1+ 59. Kb2 Nd1+ 60. Ka3 Ne3 61. Ka2 c3 62. Rd7+ Ke4 63. Kb3 Bf6 64. Rc7 Rb1+ 65. Ka2 Rb2+ 66. Ka1 Nc2# 0-1


[Site "https://www.chess.com"]

[Event "Titled Tuesday Blitz April 4 Early 2023"]
[White "Jakubowski, Krzysztof"]
[Black "Shubenkova, Veronika"]
[WhiteFideId "1112848"]
[BlackFideId "44124040"]
[WhiteElo "2359"]
[BlackElo "2027"]
[Result "1/2-1/2"]
[Round "11"]
[TimeControl "180+2"]
[Date "2023.04.04"]
[WhiteClock "0:00:08"]
[BlackClock "0:00:16"]

1. e4 e6 2. d3 d5 3. Nd2 Nf6 4. Ngf3 c5 5. g3 Nc6 6. Bg2 d4 7. O-O e5 8. Nh4 Bd6 9. f4 Bg4 10. Ndf3 exf4 11. gxf4 Nh5 12. h3 Bxf3 13. Nxf3 Nxf4 14. e5 Nxg2 15. exd6 Ne3 16. Qe2 O-O 17. Bxe3 dxe3 18. Qxe3 Qxd6 19. Qf2 g6 20. Rae1 Rae8 21. Ng5 f5 22. c3 Ne5 23. Qh4 h5 24. Re3 c4 25. dxc4 Qc5 26. Qd4 Qxd4 27. cxd4 Nxc4 28. Rxe8 Rxe8 29. Rc1 Nxb2 30. Rb1 Re2 31. d5 Kf8 32. Rc1 Nd3 33. Rc7 Re1+ 34. Kh2 h4 35. d6 Re2+ 36. Kg1 Re1+ 37. Kg2 Rd1 38. Nh7+ Ke8 39. Nf6+ Kd8 40. Rd7+ Kc8 41. Rc7+ Kd8 42. Rd7+ Kc8 43. Rc7+ Kd8 1/2-1/2


[Site "https://www.chess.com"]

[Event "Titled Tuesday Blitz April 4 Early 2023"]
[White "Gontcharov, Vladislav"]
[Black "Shvedova, Alexandra"]
[WhiteFideId "4123492"]
[BlackFideId "54154782"]
[WhiteElo "2420"]
[BlackElo "2057"]
[Result "0-1"]
[Round "11"]
[TimeControl "180+2"]
[Date "2023.04.04"]
[WhiteClock "0:00:01"]
[BlackClock "0:00:50"]

1. d4 Nf6 2. c4 e6 3. Nc3 Bb4 4. e3 O-O 5. Bd3 d5 6. Nf3 dxc4 7. Bxc4 c5 8. O-O Qc7 9. Qe2 a6 10. a3 Bxc3 11. bxc3 b5 12. Bd3 Bb7 13. e4 h6 14. a4 c4 15. Bc2 Nbd7 16. Ba3 Rfd8 17. h3 Nf8 18. g3 Bc6 19. Rfc1 Qb7 20. Nd2 N8d7 21. Rcb1 Qc7 22. e5 Nd5 23. Bd6 Qc8 24. Ne4 Nf8 25. Qd2 Ng6 26. h4 Nge7 27. Nc5 Nf5 28. Bxf5 exf5 29. Re1 bxa4 30. Nxa4 Qe6 31. Nc5 Qg6 32. Kh2 f4 33. Rg1 fxg3+ 34. Rxg3 Qh5 35. Rh3 Kh8 36. Rg1 Rg8 37. e6 fxe6 38. Be5 Nf6 39. Qf4 Qf5 40. Qxh6+ gxh6 41. f4 Kh7 42. Rg5 Ng4+ 43. Kg3 Nxe5 44. dxe5 Rxg5+ 45. hxg5 Qxh3+ 46. Kxh3 hxg5 47. fxg5 Kg6 0-1


[Site "https://www.chess.com"]

[Event "Titled Tuesday Blitz April 4 Early 2023"]
[White "Fiorito, Francisco"]
[Black "Nguyen, Hong Anh"]
[WhiteFideId "180165"]
[BlackFideId "12406732"]
[WhiteElo "2341"]
[BlackElo "2054"]
[Result "1-0"]
[Round "11"]
[TimeControl "180+2"]
[Date "2023.04.04"]
[WhiteClock "0:00:11"]
[BlackClock "0:00:26"]

1. d4 Nf6 2. Bf4 g6 3. e3 Bg7 4. Nf3 O-O 5. Be2 c5 6. O-O cxd4 7. exd4 d6 8. c3 Be6 9. Nbd2 Qb6 10. Qc2 Nc6 11. Nc4 Qc7 12. h3 Rfc8 13. Rac1 b5 14. Ne3 a6 15. Rfd1 Nd5 16. Nxd5 Bxd5 17. b3 Rab8 18. Qd2 Rd8 19. Be3 e5 20. Bg5 Rd7 21. dxe5 dxe5 22. Qe3 e4 23. Nh2 Qb6 24. Ng4 Qxe3 25. fxe3 f5 26. Nf6+ Bxf6 27. Bxf6 Kf7 28. Bg5 Ne5 29. Bf4 Ke6 30. Rd4 Rbd8 31. Rcd1 Nc6 32. R4d2 Kf6 33. c4 bxc4 34. Bxc4 Ne7 35. Bxa6 g5 36. Bg3 Ke6 37. Bb5 Rb7 38. a4 Rf8 39. b4 f4 40. Bf2 Bb3 41. Rb1 Bd5 42. Rc1 Nf5 43. Rxd5 fxe3 44. Be1 Kxd5 45. Bc6+ Kd4 46. Bxb7 Rb8 47. Ba6 e2 48. Bb5 Ke3 49. Rc3+ Kf4 50. Bxe2 Nd4 51. Bb5 Kf5 52. Rc5+ Ke6 53. Bc3 Nc2 54. Re5+ Kd6 55. Rxe4 Na3 56. Be5+ Kd5 57. Bxb8 Kxe4 58. Bc6+ Kd4 59. b5 Kc5 60. a5 Nc4 61. a6 Kb6 62. a7 Nd6 63. a8=Q Nxb5 64. Bxb5 Kxb5 65. Qb7+ Kc5 66. Bg3 Kd4 67. Qxh7 Ke3 68. Qf5 g4 69. hxg4 Kd4 70. g5 Ke3 71. g6 Kd2 72. g7 Ke2 73. g8=Q Kd1 74. Qgd5+ Ke2 75. Qfd3# 1-0


[Site "https://www.chess.com"]

[Event "Titled Tuesday Blitz April 4 Early 2023"]
[White "Orlov, Georgi"]
[Black "Chandreyee, Hajra"]
[WhiteFideId "2011271"]
[BlackFideId "5056535"]
[WhiteElo "2573"]
[BlackElo "1725"]
[Result "1-0"]
[Round "11"]
[TimeControl "180+2"]
[Date "2023.04.04"]
[WhiteClock "0:01:48"]
[BlackClock "0:00:37"]

1. d4 e6 2. Nf3 f5 3. g3 Nf6 4. Bg2 Be7 5. O-O O-O 6. c4 d6 7. Nc3 Ne4 8. Qc2 Nxc3 9. Qxc3 Bf6 10. Rd1 c5 11. Qd2 cxd4 12. Nxd4 a6 13. Nb3 Be7 14. e4 Nc6 15. exf5 Rxf5 16. Qe2 Qf8 17. Be3 Ne5 18. Nd4 Rf7 19. f4 Nc6 20. Nxc6 bxc6 21. Bxc6 Rb8 22. b3 Bb7 23. Qg2 Bf6 24. Rac1 Rc7 25. Bxb7 Rcxb7 26. Bd4 e5 27. fxe5 dxe5 28. Be3 Kh8 29. Rd5 Re7 30. Rcd1 e4 31. Qh3 Rbe8 32. Rh5 g6 33. Rhd5 Bg7 34. Rf1 Rf7 35. Rxf7 Qxf7 36. Qd7 Qxd7 37. Rxd7 Rf8 38. c5 h5 39. c6 Rc8 40. c7 Be5 41. Rd8+ 1-0


[Site "https://www.chess.com"]